 Dungeon Crawl Stone Soup version 0.30.0-5-g1a98f26d00 (webtiles) character file.

Game seed: 3877491476543904116

69292 Foic the Convoker (level 14, -3/68 HPs)
             Began as a Deep Elf Summoner on May 12, 2023.
             Was a High Priest of Zin.
             Slain by a faun
             ... wielding a +0 spear
              (21 damage)
             ... on level 1 of the Shoals.
             The game lasted 03:53:06 (24879 turns).

Foic the Convoker (Deep Elf Summoner)              Turns: 24879, Time: 03:53:07

Health: -3/68      AC: 12    Str:  4    XL:     14   Next: 89%
Magic:  36/36      EV: 22    Int: 32    God:    Zin [*****.]
Gold:   817        SH:  0    Dex: 14    Spells: 32/45 levels left

rFire   + . .        a - +2 dagger (venom)
rCold   + . .        O - orb {*channel}
rNeg    . . .        F - +0 troll leather armour
rPois   .            S - +2 hat {SInv}
rElec   .            (no cloak)
rCorr   .            v - +0 pair of gloves
SInv    +            t - +0 pair of boots
Will    +....        d - amulet of reflection
Stlth   +            I - +5 ring of evasion
HPRegen 1.11/turn    k - ring "Plog" {rF+ AC+4 Int+2}
MPRegen 0.25/turn

%: reflection, channel magic (20%)
@: confused, weak-willed, ambrosia-drunk
A: clever 1, cold resistance 1, strong-willed 1
a: Renounce Religion, Recite, Vitalisation, Imprison, Sanctuary, Donate Gold


You were on level 1 of the Shoals.
You worshipped Zin.
Zin was extremely pleased with you.
You visited 6 branches of the dungeon, and saw 20 of its levels.
You also visited: Sewer.

You collected 1094 gold pieces.
You spent 168 gold pieces at shops.
You donated 109 gold pieces to Zin.

Inventory:

Hand Weapons
 a - a +2 dagger of venom (weapon)
 b - a +1 shortbow of flaming
 l - a +0 dagger of flaming
Missiles
 j - a throwing net
 p - 32 poisoned darts
 Q - 9 curare-tipped darts
 V - 3 javelins
Armour
 t - a +0 pair of boots (worn)
 v - a +0 pair of gloves (worn)
 F - a +0 troll leather armour (worn)
 K - +0 steam dragon scales
 O - an orb of energy (worn)
 R - a +2 robe of fire resistance
 S - a +2 hat of see invisible (worn)
Magical Staves
 f - a staff of conjuration
Jewellery
 d - an amulet of reflection (around neck)
 k - the ring "Plog" (right hand) {rF+ AC+4 Int+2}
   (You found it on level 7 of the Dungeon)

   [ring of protection]

   AC:        It affects your AC (+4).
   Int:       It affects your intelligence (+2).
   rF:        It protects you from fire.
 q - a ring of poison resistance
 D - a ring of protection from fire
 I - a +5 ring of evasion (left hand)
 W - a ring of fire
 Y - a ring of magical power
Wands
 z - a wand of roots (16)
 H - a wand of digging (4)
 U - a wand of light (5)
Scrolls
 g - 2 scrolls of vulnerability
 h - 2 scrolls of brand weapon
 i - 5 scrolls of identify
 m - 4 scrolls of poison
 n - 2 scrolls of teleportation
 r - a scroll of silence
 s - 2 scrolls of amnesia
 x - a scroll of enchant armour
 y - 4 scrolls of fog
 A - 3 scrolls of enchant weapon
 B - 5 scrolls of magic mapping
Potions
 c - a potion of flight
 e - 3 potions of haste
 u - 2 potions of magic
 w - 3 potions of curing
 C - a potion of berserk rage
 G - 3 potions of brilliance
 T - 9 potions of ambrosia
 X - a potion of might
Miscellaneous
 o - a tin of tremorstones (2/2)


   Skills:
 + Level 14.7 Dodging
 - Level 2.4 Stealth
 + Level 16.3 Spellcasting
 * Level 18.9 Summonings
 + Level 12.2 Invocations


You had 32 spell levels left.
You knew the following spells:

 Your Spells              Type           Power      Damage    Failure   Level
a - Summon Small Mammal   Summ           100%       N/A       1%          1
b - Call Imp              Summ           100%       N/A       1%          2
c - Call Canine Familiar  Summ           98%        N/A       1%          3
d - Summon Guardian Gole  Hex/Summ       72%        N/A       2%          3
e - Summon Lightning Spi  Summ/Air       72%        N/A       3%          4

Your spell library contained the following spells:

 Spells                   Type           Power      Damage    Failure   Level
 Apportation              Tloc           52%        N/A       10%         1
 Beastly Appendage        Tmut           52%        N/A       10%         1
 Kiss of Death            Conj/Necr      100%       2d13      10%         1
 Necrotise                Necr           100%       1d9       10%         1
 Sting                    Tmut/Pois      100%       1d8       10%         1
 Lesser Beckoning         Tloc           52%        N/A       13%         2
 Wereblood                Tmut           26%        N/A       13%         2
 Summon Horrible Things   Summ           49%        N/A       21%         8
 Confusing Touch          Hex            26%        N/A       22%         3
 Gell's Gravitas          Tloc           26%        N/A       22%         3
 Hailstorm                Conj/Ice       26%        3d7       22%         3
 Ignite Poison            Fire/Tmut/Pois 26%        N/A       22%         3
 Spider Form              Tmut/Pois      26%        N/A       22%         3
 Teleport Other           Tloc           26%        N/A       22%         3
 Dispel Undead            Necr           26%        3d13      50%         4
 Ice Form                 Ice/Tmut       26%        N/A       50%         4
 Sticky Flame             Conj/Fire      26%        2d5       50%         4
 Malign Gateway           Summ/Tloc      36%        N/A       67%         7
 Conjure Ball Lightning   Conj/Air       13%        3x3d6     100%        6
 Simulacrum               Ice/Necr       13%        N/A       100%        6
 Discord                  Hex            13%        N/A       100%        8
 Disjunction              Tloc           13%        N/A       100%        8
 Ignition                 Fire           13%        3d6       100%        8


Dungeon Overview and Level Annotations

Branches:
Dungeon (11/15)            Temple (1/1) D:4            Lair (5/5) D:8
 Shoals (1/4) Lair:3        Snake (1/4) Lair:2        Slime (0/5) Lair:4
    Orc (1/2) D:10          Sewer (visited)

Altars:
Ashenzari
Cheibriados
Dithmenos
Elyvilon
Fedhas
Gozag
Hepliaklqana
Kikubaaqudgha
Makhleb
Nemelex Xobeh
Okawaru
Qazlal
Ru
Sif Muna
Trog
Uskayaw
Vehumet
Wu Jian
Xom
Yredelemnul
Zin
The Shining One
Jiyva

Shops:
D:6 [   D:7 *

Portals:
Abyss: D:9

Annotations:
D:8 items here, exclusion: oklob plant
D:9 2 transporters, ANNNA's ghost, novice DrIE
D:11 3 runed translucent doors, dvd2's ghost, novice MiHu
Snake:1 some danger entering!
Orc:1 extreme danger, orc warlord on entry, big concentration!


Innate Abilities, Weirdness & Mutations

Your mind is acute. (Int +4, Str/Dex -1)
Your flesh is cold resistant. (rC+)
You are strong-willed. (Will+)


Message History

The faun barely misses you.
Your lightning spire shoots out a bolt of lightning at the faun!
The bolt of electricity hits the faun!
The bolt of electricity hits your quokka!
Your quokka dies!
Your quokka's corpse disappears in a puff of smoke!
Your rat completely misses the faun.
The faun hits you with a +0 spear!
* * * LOW HITPOINT WARNING * * *
The faun unwields a +0 spear.
The faun wields a +0 sling.
The faun shoots a sling bullet.
The sling bullet misses your rat.
The sling bullet hits your lightning spire!
Your rat bites the faun.
You are confused.
You feel invigorated. The faun completely misses you.
Your lightning spire shoots out a bolt of lightning at the faun!
The bolt of electricity hits the faun!
Your warg barely misses the faun.
The faun hits you with a +0 spear.
* * * LOW HITPOINT WARNING * * *
Your rat bites the faun.
Your warg bites the faun!
The faun dies!
You hear a splash. x2
The faun barely misses you.
Are you sure you want to stumble around while confused and next to your ally the warg?
This could place you under penance!
Okay, then.
The faun barely misses you.
Your lightning spire shoots out a bolt of lightning at the faun!
The bolt of electricity misses your rat.
The bolt of electricity hits the faun!
Your rat bites the faun but does no damage.
The faun hits you with a +0 spear!
* * * LOW HITPOINT WARNING * * *
Your lightning spire shoots out a bolt of lightning at the faun!
The bolt of electricity misses your rat.
The bolt of electricity misses the faun.
Your rat barely misses the faun.
Your warg bites the faun but does no damage.
The faun hits you with a +0 spear!!
You die...

≈≈≈≈≈≈≈≈≈≈≈≈≈≈
≈≈≈≈≈≈≈≈≈≈≈≈≈
≈≈≈≈≈≈≈≈~~~~
≈≈≈≈≈≈~~~~~
≈≈≈≈≈≈~~~~
≈≈≈~~~~~.
~~~~~~~~#
~~~~~8)@#
~~~~~~.rc.).~..
~~~....h)..~~~.
~~..........$.~
~~~##..........
~~ ##.........
~ ....##....
....# #...


You could see a faun (ally target), a friendly warg (summoned), a friendly
lightning spire (summoned) and a friendly rat (summoned).

Vanquished Creatures
  A boulder beetle (Lair:5)
  A swamp dragon (Lair:5)
  A polar bear (Lair:5)
  2 hell hounds (Lair:5)
  3 wolves
  3 killer bees (Lair:5)
  An adder (D:6)
  A ball python (D:8)
13 creatures vanquished.

Vanquished Creatures (collateral kills)
  Gastronok (Lair:3)
  A fire dragon (Lair:5)
  8 hydras
  4 boulder beetles
  A naga warrior (Lair:2)
  2 catoblepae (Lair:3)
  2 two-headed ogres (D:11)
  A naga sharpshooter (Snake:1)
  7 death yaks
  Nergalle (Lair:3)
  Amaemon (Lair:2)
  21 elephants
  An ugly thing (D:7)
  A merfolk siren (Shoals:1)
  2 fauns (Shoals:1)
  7 black mambas
  Joseph (D:9)
  A torpor snail (Lair:1)
  8 cane toads
  An orange demon (Lair:3)
  5 unseen horrors
  4 rime drakes
  11 komodo dragons
  A queen bee (Lair:5)
  3 trolls (D:10)
  2 meliai (Lair:5)
  5 polar bears
  6 hornets
  8 blink frogs
  2 raiju (Lair:5)
  2 dream sheep (Lair:3)
  2 slime creatures
  3 wraiths
  A basilisk (Lair:4)
  40 yaks
  4 steam dragons
  3 vampire mosquitoes (D:11)
  5 wargs (Lair:5)
  3 nagas (Lair:2)
  15 water moccasins
  10 hell hounds (Lair:5)
  2 acid dragons
  A swamp drake (Lair:5)
  An ice beast (D:6)
  2 orc warriors
  3 sky beasts (D:7)
  14 black bears
  4 ogres
  20 wolves
  9 centaurs
  2 phantoms
  3 kobold brigands
  A gnoll sergeant (D:7)
  11 bullfrogs
  7 scorpions
  4 wights (D:10)
  21 killer bees
  An oklob sapling (D:8)
  3 electric eels (Lair:3)
  A howler monkey (D:6)
  4 jellies
  6 orc priests
  2 sleepcaps
  3 hounds
  5 iguanas
  6 orc wizards
  19 adders
  3 shadow imps
  2 white imps
  An ufetubus (D:7)
  3 worms
  5 dart slugs
  41 orcs
  12 ball pythons
  2 bats
  7 endoplasms
  4 giant cockroaches
  6 goblins
  5 hobgoblins
  8 jackals
  9 kobolds
  4 quokkas
  2 frilled lizards
  8 rats
484 creatures vanquished.

Vanquished Creatures (others)
  A death yak (Lair:5)
  An elephant (Lair:5)
  2 black mambas (Lair:5)
  A torpor snail (Lair:5)
  2 cane toads (Lair:3)
  A rime drake (Lair:5)
  A komodo dragon (Lair:5)
  4 polar bears (Lair:5)
  A hornet (Lair:1)
  A meliai (Lair:5)
  A blink frog (Lair:4)
  A raiju (Lair:5)
  3 yaks
  A warg (Lair:5)
  A swamp drake (Lair:5)
  An orc warrior (D:6)
  2 black bears
  A wolf (Lair:5)
  3 killer bees (Lair:5)
29 creatures vanquished.

Grand Total: 526 creatures vanquished

Notes
Turn   | Place    | Note
-------+----------+-------------------------------------------
     0 | D:1      | Foic the Deep Elf Summoner began the quest for the Orb.
     0 | D:1      | Reached XP level 1. HP: 10/10 MP: 6/6
   179 | D:1      | Reached XP level 2. HP: 15/15 MP: 8/8
   182 | D:1      | Learned a level 2 spell: Call Imp
   519 | D:1      | Reached XP level 3. HP: 19/19 MP: 8/10
   531 | D:1      | Learned a level 3 spell: Call Canine Familiar
  1121 | D:2      | Reached skill level 5 in Summonings
  1260 | D:2      | Reached XP level 4. HP: 24/24 MP: 12/12
  1330 | D:2      | Found a bloodstained altar of Trog.
  2259 | D:3      | Noticed a kobold brigand
  2289 | D:3      | Killed a kobold brigand
  2290 | D:3      | Reached skill level 5 in Spellcasting
  2290 | D:3      | Reached XP level 5. HP: 28/28 MP: 4/14
  2406 | D:3      | Found an opulent altar of Gozag.
  2822 | D:4      | Found a staircase to the Ecumenical Temple.
  2831 | Temple   | Entered the Ecumenical Temple
  3005 | D:4      | Found an iron altar of Okawaru.
  3101 | D:4      | Reached skill level 6 in Summonings
  3205 | D:4      | Reached XP level 6. HP: 32/32 MP: 16/16
  3280 | D:4      | Learned a level 3 spell: Summon Guardian Golem
  3794 | D:5      | Entered Level 5 of the Dungeon
  3923 | D:5      | Found a glowing drain.
  3939 | Sewer    | Entered a sewer
  4020 | Sewer    | Noticed a water moccasin
  4026 | Sewer    | Killed a water moccasin
  4027 | Sewer    | Reached XP level 7. HP: 36/36 MP: 15/18
  4230 | D:5      | Reached skill level 7 in Summonings
  4369 | D:5      | Reached skill level 5 in Dodging
  4680 | D:5      | Reached skill level 8 in Summonings
  4732 | D:5      | Reached XP level 8. HP: 41/41 MP: 11/21
  5156 | D:6      | Found a glowing silver altar of Zin.
  5172 | D:6      | Gained mutation: Your flesh is cold resistant. (rC+)
                  | [potion of mutation]
  5172 | D:6      | Gained mutation: Your mind is acute. (Int +4, Str/Dex -1)
                  | [potion of mutation]
  5172 | D:6      | Gained mutation: You are strong-willed. (Will+) [potion of
                  | mutation]
  5220 | D:6      | Became a worshipper of Zin the Law-Giver
  5220 | D:6      | Reached * piety under Zin
  5258 | D:6      | Reached skill level 9 in Summonings
  5277 | D:6      | Reached skill level 1 in Invocations
  5425 | D:6      | Found Yvaenga's Armour Boutique.
  5557 | D:6      | Found a burning altar of Makhleb.
  5683 | D:6      | Reached XP level 9. HP: 35/45 MP: 21/23
  5773 | D:6      | Learned a level 4 spell: Summon Lightning Spire
  5790 | D:6      | Found a radiant altar of Vehumet.
  5990 | D:7      | Found a broken altar of Ashenzari.
  6041 | D:7      | Found Xuewuink's Assorted Antiques.
  6046 | D:7      | Bought a glowing hat for 168 gold pieces
  6110 | D:7      | Reached skill level 10 in Summonings
  6340 | D:7      | Reached ** piety under Zin
  6417 | D:7      | Noticed a purple ugly thing
  6417 | D:7      | Noticed a boulder beetle
  6670 | D:7      | Killed a purple ugly thing
  7214 | D:7      | Reached skill level 11 in Summonings
  7242 | D:7      | Killed an unseen horror
  7243 | D:7      | Reached skill level 10 in Spellcasting
  7343 | D:7      | Killed an unseen horror
  7344 | D:7      | Reached XP level 10. HP: 46/50 MP: 26/26
  7422 | D:7      | Killed a boulder beetle
  7423 | D:7      | Reached skill level 5 in Invocations
  7644 | D:7      | Identified the ring "Plog" {rF+ AC+4 Int+2}
  8261 | D:8      | Reached skill level 12 in Summonings
  8963 | D:8      | Found a staircase to the Lair.
  9514 | D:8      | Noticed an oklob plant
 10717 | D:8      | Reached XP level 11. HP: 49/54 MP: 21/28
 10728 | D:8      | Got the Incunable of Nature
 10889 | Lair:1   | Entered Level 1 of the Lair of Beasts
 10971 | Lair:1   | Noticed a death yak
 10980 | Lair:1   | Killed a death yak
 10981 | Lair:1   | Reached skill level 13 in Summonings
 11220 | Lair:1   | Reached skill level 10 in Dodging
 11969 | Lair:2   | Reached *** piety under Zin
 12205 | Lair:2   | Reached skill level 14 in Summonings
 12894 | Lair:2   | Reached XP level 12. HP: 57/59 MP: 20/30
 12962 | Lair:2   | Found a staircase to the Snake Pit.
 12971 | Snake:1  | Entered Level 1 of the Snake Pit
 12971 | Snake:1  | Noticed a naga warrior
 12971 | Snake:1  | Noticed a naga warrior
 13037 | Lair:3   | Noticed a seven-headed hydra
 13048 | Lair:3   | Found an ornate altar of the Wu Jian Council.
 13073 | Lair:3   | Noticed a six-headed hydra
 13088 | Lair:2   | Killed a six-headed hydra
 13205 | Lair:3   | Noticed Amaemon
 13224 | Lair:2   | Killed Amaemon
 13932 | Lair:3   | Reached skill level 15 in Summonings
 13951 | Lair:3   | Killed a seven-headed hydra
 14223 | Lair:3   | Noticed Nergalle
 14232 | Lair:3   | Killed Nergalle
 14346 | Lair:3   | Noticed a boulder beetle
 14384 | Lair:3   | Killed a boulder beetle
 14541 | Lair:3   | Noticed a catoblepas
 14556 | Lair:3   | Killed a catoblepas
 14783 | Lair:3   | Noticed a death yak
 14789 | Lair:3   | Noticed a catoblepas
 14791 | Lair:3   | Noticed a boulder beetle
 14791 | Lair:3   | Killed a death yak
 14826 | Lair:3   | Killed a boulder beetle
 14859 | Lair:3   | Killed a catoblepas
 15051 | Lair:3   | Reached **** piety under Zin
 15240 | Lair:3   | Noticed Gastronok
 15253 | Lair:3   | Killed Gastronok
 15254 | Lair:3   | Reached skill level 16 in Summonings
 15254 | Lair:3   | Reached XP level 13. HP: 63/63 MP: 22/32
 15626 | Lair:3   | Found a staircase to the Shoals.
 16838 | Lair:4   | Reached skill level 10 in Invocations
 16967 | Lair:4   | Found a viscous altar of Jiyva.
 16968 | Lair:4   | Found a staircase to the Slime Pits.
 17669 | Lair:5   | Entered Level 5 of the Lair of Beasts
 18411 | Lair:5   | Reached skill level 17 in Summonings
 18645 | Lair:5   | Reached skill level 15 in Spellcasting
 18971 | Lair:5   | Reached XP level 14. HP: 26/68 MP: 13/35
 19704 | Lair:5   | Reached ***** piety under Zin
 20020 | Lair:5   | Reached skill level 18 in Summonings
 21015 | Lair:5   | Identified the +5 morningstar of Pessauck {elec, rElec
                  | Int-4 Stlth+}
 21990 | D:9      | Noticed Joseph
 22010 | D:9      | Killed Joseph
 22232 | D:9      | You fall into a shaft and drop 2 floors!
 22246 | D:10     | Entered Level 10 of the Dungeon
 22358 | D:10     | Found a staircase to the Orcish Mines.
 22886 | D:9      | Found a transporter.
 22886 | D:9      | Found a one-way gate to the infinite horrors of the Abyss.
 22886 | D:9      | Noticed ANNNA's ghost (novice DrIE)
 22948 | D:9      | Found a sparkling altar of Nemelex Xobeh.
 22948 | D:9      | Found a hide-covered altar of Uskayaw.
 23083 | D:9      | Found a transporter.
 23640 | D:11     | Noticed dvd2's ghost (novice MiHu)
 24107 | D:11     | Found a runed translucent gate.
 24107 | D:11     | Found a runed translucent gate.
 24107 | D:11     | Found a runed translucent gate.
 24482 | Orc:1    | Entered Level 1 of the Orcish Mines
 24482 | Orc:1    | Noticed an orc warlord
 24855 | Shoals:1 | Entered Level 1 of the Shoals
 24879 | Shoals:1 | Slain by a faun

Illustrated notes

Levels and vault maps discovered:
D:1:      amcnicky_arrival_flooded_fountain, layout_loops_ring,
          reono_crystal_passage, hex_medium
D:2:      layout_loops_corners, basic_altar, minmay_pentomino_w2
D:3:      layout_rooms, mainiacjoe_overflow_alcove_4
D:4:      layout_loops_cross, nicolae_overflow_crystal_walls,
          minmay_temple_entry_stoned_glass, ebering_dispersal_statue_hall
D:5:      layout_rooms, portal_sewer_entry_d, minmay_fractal_squares_diagonal_5
D:6:      layout_cave_pools, mainiacjoe_overflow_six_doors_small,
          kennysheep_mini, mainiacjoe_overflow_small_starburst, serial_shops,
          nicolae_shop_trees, minmay_checkerbox
D:7:      minmay_the_grid_triangle_9x9_rhombus_thin
          [minmay_the_grid_triangle_9x9_impossible_snake,
          minmay_the_grid_triangle_9x9_prize_top_heavy,
          minmay_the_grid_triangle_9x9_cache,
          minmay_the_grid_triangle_9x9_odd_lines], layout_rooms,
          ashenzari_conservatory_becter, serial_shops, shop, minmay_misc_feat_x,
          amcnicky_mini_pool_medium
D:8:      layout_basic, grunt_lair_entry_orc_guard_hut, introduction_to_nature_2
D:9:      layout_roguey, mainiacjoe_overflow_divided_tiny,
          gammafunk_ghost_abyssal_escape, uniq_joseph
D:10:     layout_rooms, david_orc_5, minmay_misc_feat_plants
D:11:     layout_rooms, maelrawn_ghost_gauntlet_escape, st_stairs_9,
          minmay_crystal_water
Temple:   nicolae_temple_ecumenical_triangle
Lair:1:   layout_roguey, dreamdust_wasp_nest
Lair:2:   layout_regular_city, nicolae_snake_entry_squirm, grunt_megastairs_2,
          lemuel_fruit_tree
Lair:3:   layout_layer_cave, minmay_shoals_entry_centaurs, basic_altar,
          nicolae_quartered_pool_super, minmay_shattered_shrine,
          serial_bayou_shore_a, uniq_gastronok, uniq_amaemon, uniq_nergalle
Lair:4:   layout_loops_ring, minmay_slime_entry_pillars
Lair:5:   hangedman_lair_caniforms_friends, layout_loops_ring,
          guppyfry_lair_end_dragon, special_room [special_room_bee],
          grunt_megastairs_5, infiniplex_staircase_pool_2
Shoals:1: layout_shoals, nicolae_shoals_sun_and_surf
Snake:1:  layout_basic, nicolae_snake_squiggles
Orc:1:    layout_caves, basic_altar, serial_shops,
          nicolae_shop_industrial_runoff, nicolae_shop_gaudy_bauble,
          nicolae_shop_mannequins, nicolae_square_shop

Skill      XL: |  1  2  3  4  5  6  7  8  9 10 11 12 13 14 |
---------------+-------------------------------------------+-----
Spellcasting   | 4 5 6 7 8 10 11 12 13 15 16 | 16.3
Dodging        | 3 4 5 7 8 9 11 12 13 14 | 14.7
Summonings     | 5 6 8 9 11 12 14 16 17 18 | 18.9
Invocations    | 2 4 6 8 9 11 12 | 12.2
Stealth        | |  2.4

Action                     |  1- 3 |  4- 6 |  7- 9 | 10-12 | 13-15 || total
---------------------------+-------+-------+-------+-------+-------++-------
  Melee: Dagger            |       |       |    13 |    20 |    35 ||    68
   Cast: Summon Small Mamm |    25 |    17 |    70 |   166 |   360 ||   638
         Call Imp          |    11 |    28 |    10 |       |       ||    49
         Call Canine Famil |     7 |    21 |    32 |    93 |   128 ||   281
         Summon Guardian G |       |       |     9 |    17 |    50 ||    76
         Summon Lightning  |       |       |     8 |   100 |   126 ||   234
 Invoke: Recite            |       |       |       |     3 |     1 ||     4
         Vitalisation      |       |       |       |     1 |     6 ||     7
    Use: Potion            |       |       |     9 |     1 |     8 ||    18
         Scroll            |       |       |       |    18 |    14 ||    32
   Stab: Distracted        |       |       |       |       |     2 ||     2
 Armour: Robe              |       |     1 |     4 |       |       ||     5
         Steam dragon scal |       |       |    12 |    45 |    59 ||   116
         Troll leather arm |       |       |       |       |     4 ||     4
  Dodge: Dodged            |     1 |     5 |    18 |   143 |   476 ||   643
  Block: Orb               |       |       |       |       |    15 ||    15
         Reflection        |       |       |       |       |     3 ||     3
